Map: Last Fantasy LE

Players

Arti

  • Race: Terran Terran
  • League: Gold
  • Spawn Location: 12:00

ManlyManMeat - Winner!

  • Race: Terran Terran
  • Spawn Location: 7:00

VOD

Have the link to the VOD?

Description

Time

  • Played on: May 17, 2025, 8:10 a.m.
  • Length: 9:17
Show
View Real Time Build Order
Export as new Build Order

Arti Terran 

Build Orders:  

Get SALT Encoding   

  12  0:01  SCV  
  13  0:15  SCV  
  14  0:27  Supply Depot  
  14  0:35  SCV  
  15  0:52  Barracks  
  15  0:53  SCV  
  15  0:55  Refinery  
  16  1:05  SCV  
  17  1:17  SCV  
  18  1:29  SCV  
  19  1:40  Reaper  
  19  1:41  SCV  
  19  1:43  Supply Depot  
  21  1:49  Refinery  
  21  1:53  SCV  
  22  2:05  SCV  
  23  2:17  SCV  
  23  2:25  Reaper  
  23  2:29  SCV  
  25  2:41  SCV  
  25  2:42  Factory  
  26  2:54  SCV  
  27  3:10  Barracks Reactor  
  27  3:14  SCV  
  27  3:15  Command Center  
  27  3:16  Supply Depot  
  28  3:21  Refinery  
  28  3:26  SCV  
  29  3:38  SCV  
  30  3:45  Refinery  
  29  3:58  Hellion  
  29  4:02  Reaper x2  
  33  4:04  SCV  
  34  4:10  Starport  
  34  4:15  Supply Depot  
  34  4:16  SCV, Supply Depot  
  35  4:34  Reaper x2  
  32  4:46  Hellion  
  32  4:51  SCV x2  
  36  5:03  SCV x2  
  36  5:06  Reaper x2  
  40  5:07  Hellion  
  40  5:15  SCV  
  40  5:18  SCV  
  34  5:29  Hellion  
  36  5:37  Liberator  
  36  5:38  SCV, Reaper x2  
  42  5:50  SCV, Hellion  
  43  6:10  Reaper x2  
  45  6:11  Hellion  
  47  6:19  Bunker  
  47  6:21  SCV  
  48  6:33  SCV, Hellion  
  51  6:41  SCV  
  51  6:42  Reaper  
  51  6:43  Reaper  
  51  6:45  SCV  
  55  6:53  SCV  
  56  6:54  Hellion  
  56  6:57  SCV  
  45  7:05  SCV  
  46  7:10  SCV  
  46  7:23  SCV x2  
  46  7:24  Liberator  
  50  7:35  SCV  
  43  7:48  SCV  
  44  8:00  SCV  
  45  8:07  Liberator  
  45  8:12  SCV  
  49  8:20  Starport  
  49  8:23  Factory Tech Lab  
  49  8:24  SCV  
  50  8:36  SCV  
  45  8:48  SCV  
  45  9:00  SCV  
Show
View Real Time Build Order
Export as new Build Order

ManlyManMeat Terran - Winner!

Build Orders:  

Get SALT Encoding   

  12  0:00  SCV  
  13  0:13  SCV  
  14  0:17  Supply Depot  
  14  0:25  SCV  
  15  0:39  SCV  
  15  0:41  Barracks  
  16  0:46  Refinery  
  16  0:51  SCV  
  17  1:03  SCV  
  18  1:15  SCV  
  18  1:16  Supply Depot  
  19  1:22  Refinery  
  19  1:28  Orbital Command  
  19  1:37  Barracks Reactor  
  19  1:48  Barracks  
  19  1:55  SCV  
  20  2:07  SCV  
  21  2:10  Engineering Bay  
  21  2:21  Marine x2  
  23  2:32  Barracks  
  23  2:36  Terran Infantry Weapons Level 1  
  23  2:38  Barracks Reactor  
  23  2:48  Marine x2  
  25  3:04  Factory  
  25  3:05  Marine x2  
  27  3:14  Marine x2  
  29  3:24  Supply Depot  
  28  3:29  Marine x2  
  29  3:36  Marine x2  
  29  3:37  Barracks Tech Lab  
  30  3:52  Marine  
  30  3:53  Marine x2  
  33  4:06  Marine  
  33  4:08  Stimpack  
  34  4:17  Factory Tech Lab  
  34  4:29  Marine x4  
  34  4:31  Terran Infantry Armor Level 1  
  34  4:42  Marine  
  34  4:46  Marine  
  34  4:47  Marine  
  34  4:52  Marine x2  
  38  4:58  Supply Depot  
  38  5:00  Marine  
  38  5:02  Siege Tank  
  36  5:28  Marine  
  36  5:29  Marine x3  
  34  5:43  Marine  
  34  5:44  Supply Depot  
  34  5:46  Marine x2  
  34  5:47  Marine x2  
  34  5:48  Combat Shield  
  39  6:00  Marine  
  34  6:04  Marine x2  
  36  6:18  Siege Tank, Marine  
  39  6:19  Marine  
  39  6:22  Marine  
  42  6:25  Starport  
  42  6:29  Marine  
  43  6:35  SCV  
  43  6:36  Marine  
  45  6:47  SCV  
  40  7:03  Marine x2  
  40  7:04  Marine  
  43  7:15  Marine  
  42  7:17  Medivac x2  
  42  7:21  Marine  
  48  7:26  Marine x2  
  48  7:37  Marine  
  48  7:39  Marine  
  50  7:45  Command Center  
  50  7:47  Medivac  
  52  7:57  Marine  
  52  7:58  Marine  
  54  8:13  Viking  
  54  8:15  Marine x2  
  54  8:17  Viking  
Tags
 
League
Gold
Matchup
TvT
Race
Terran
Spawn Locations
Cross Positions
Add a new tag
Caveats
  • Supply blocks, unpowered buildings, or Contaminate may cause inaccurate times.
  • Supply counts are checked every 10 seconds.